 Dungeon Crawl Stone Soup version 0.27-a0-417-g317cea8a3c (webtiles) character file.

Game seed: 5687096087189337207

100314 rednaxela the Eclecticist (level 15, -2/65 HPs)
             Began as a Spriggan Enchanter on Feb 25, 2021.
             Was a High Priest of Sif Muna.
             Shot with an arrow by a centaur warrior (13 damage)
             ... on level 15 of the Dungeon on Feb 26, 2021.
             The game lasted 02:22:41 (35025 turns).

rednaxela the Eclecticist (Spriggan Enchanter)     Turns: 35025, Time: 02:22:41

Health: -2/65      AC: 17    Str:  4    XL:     15   Next: 80%
Magic:  18/49      EV: 25    Int: 23    God:    Sif Muna [*****.]
Gold:   2377       SH:  5    Dex: 21    Spells: 26/54 levels left

rFire    + . .     SeeInvis +   b - +2 dagger (speed)
rCold    . . .     Faith    .   (shield restricted)
rNeg     . . .     Spirit   .   L - +4 troll leather armour
rPois    .         Reflect  +   i - +2 hat
rElec    .         Harm     .   O - +2 cloak {rCorr}
rCorr    +         Rampage  .   (gloves unavailable)
Will     ++...                  (boots unavailable)
Stlth    ++++......             B - amulet of reflection
HPRegen  1.20/turn              l - +4 ring of protection {=R}
MPRegen  0.31/turn              f - ring "Samoh" {rF+ MP+9 Dex+5}

@: radiating poison, very quick
A: very small, unfitting armour, see invisible, speed 3
a: Renounce Religion, Channel Magic, Forget Spell, Divine Exegesis


You were on level 15 of the Dungeon.
You worshipped Sif Muna.
Sif Muna was extremely pleased with you.
You visited 3 branches of the dungeon, and saw 22 of its levels.
You also visited: Sewer.

You collected 2377 gold pieces.

Inventory:

Hand Weapons
 b - a +2 dagger of speed (weapon)
   (You took it off an orc wizard on level 7 of the Dungeon)
 T - a +1 rapier of venom
   (You found it on level 11 of the Dungeon)
Missiles
 d - 62 poisoned darts (quivered)
 v - 11 curare-tipped darts
 U - 657 stones
Armour
 i - a +2 hat (worn)
   (You found it on level 2 of the Dungeon)
 s - a +1 buckler of protection
   (You took it off a tengu warrior on level 13 of the Dungeon)
 L - a +4 troll leather armour (worn)
   (You found it on level 9 of the Dungeon)
 O - a +2 cloak of preservation (worn)
   (You found it on level 8 of the Dungeon)
Magical Staves
 a - a staff of earth
   (You found it on level 11 of the Dungeon)
Jewellery
 c - the ring of Omeociag {rPois rC+ Dex+6}
   (You acquired it on level 13 of the Dungeon)

   [ring of dexterity]

   It affects your dexterity (+6).
   It protects you from cold.
   It protects you from poison.
 f - the ring "Samoh" (right hand) {rF+ MP+9 Dex+5}
   (You acquired it on level 13 of the Dungeon)

   [ring of magical power]

   It affects your dexterity (+5).
   It protects you from fire.
   It affects your magic capacity (+9).
 l - a +4 ring of protection (left hand) {=R}
   (You took it off an orc priest on level 4 of the Dungeon)
 u - the ring "Nugekk" {Wiz Will+ Int+4 Slay-3}
   (You found it on level 5 of the Dungeon)

   [ring of wizardry]

   It improves your spell success rate.
   It affects your intelligence (+4).
   It affects your accuracy and damage with ranged weapons and melee attacks
   (-3).
   It affects your willpower, your defense against some magical effects.
 B - an amulet of reflection (around neck)
   (You found it on level 7 of the Dungeon)
 C - a ring of resist corrosion
   (You found it on level 5 of the Dungeon)
 F - a ring of flight
   (You found it on level 1 of the Lair of Beasts)
Wands
 y - a wand of paralysis (19)
   (You found it on level 5 of the Dungeon)
 E - a wand of acid (11) {@v1}
   (You found it on level 8 of the Dungeon)
 H - a wand of charming (14)
   (You found it on level 9 of the Dungeon)
 I - a wand of mindburst (8)
   (You found it on level 9 of the Dungeon)
 K - a wand of iceblast (4) {@v2}
   (You found it on level 12 of the Dungeon)
 S - a wand of digging (4) {@v3}
   (You found it on level 5 of the Lair of Beasts)
 W - a wand of flame (18) {@v4}
   (You found it on level 12 of the Dungeon)
Scrolls
 j - 3 scrolls of fear {!r}
 k - 5 scrolls of immolation
 n - 6 scrolls of fog {!r}
 o - 2 scrolls of vulnerability
 x - 4 scrolls of identify {@r1}
 D - a scroll of enchant armour
 G - 2 scrolls of blinking {@r4}
 M - a scroll of enchant weapon
 N - 7 scrolls of teleportation {@r3 !r}
 Q - 2 scrolls of holy word
Potions
 e - a potion of might {@q3 !q}
 g - 3 potions of curing {@q1 !q}
 h - 4 potions of cancellation {!q}
 m - 5 potions of mutation
 p - 4 potions of lignification {@q5}
 q - 4 potions of flight
 r - 3 potions of brilliance
 w - 4 potions of haste {@q4 !q}
 z - 3 potions of magic {!q}
 A - 5 potions of ambrosia {!q}
Miscellaneous
 P - a box of beasts
   (You found it on level 11 of the Dungeon)
 R - a lightning rod (4/4)
   (You found it on level 11 of the Dungeon)


   Skills:
 - Level 1.0 Fighting
 - Level 4.0 Short Blades
 - Level 10.0 Dodging
 - Level 9.0 Stealth
 - Level 20.0 Spellcasting
 - Level 6.0 Conjurations
 - Level 13.0 Hexes
 - Level 3.0 Translocations
 - Level 3.0 Air Magic
 + Level 9.1 Earth Magic
 - Level 8.0 Poison Magic
 - Level 9.0 Invocations


You had 26 spell levels left.
You knew the following spells:

 Your Spells              Type           Power        Failure   Level
a - Poisonous Vapours     Pois/Air       96%          1%          2
b - Sandblast             Erth           100%         1%          1
c - Confusing Touch       Hex            70%          1%          3
d - Stone Arrow           Conj/Erth      100%         1%          3
f - Ignite Poison         Fire/Tmut/Pois 35%          3%          3
g - Tukima's Dance        Hex            70%          1%          3
t - Blink                 Tloc           N/A          1%          2
z - Olgreb's Toxic Radia  Pois           56%          1%          4
A - Apportation           Tloc           74%          1%          1
I - Invisibility          Hex            70%          2%          6

Your spell library contained the following spells:

 Spells                   Type           Power        Failure   Level
 Corona                   Hex            77%          1%          1
 Magic Dart               Conj           100%         1%          1
 Shock                    Conj/Air       100%         1%          1
 Sting                    Tmut/Pois      100%         1%          1
 Ensorcelled Hibernation  Hex/Ice        100%         1%          2
 Searing Ray              Conj           100%         1%          2
 Slow                     Hex            70%          1%          2
 Swiftness                Air            36%          1%          2
 Dazzling Flash           Conj/Hex       100%         1%          3
 Mephitic Cloud           Conj/Pois/Air  49%          1%          3
 Spider Form              Tmut/Pois      20%          1%          3
 Static Discharge         Conj/Air       43%          1%          3
 Summon Guardian Golem    Hex/Summ       52%          1%          3
 Fulminant Prism          Conj/Hex       30%          1%          4
 Lee's Rapid Deconstruct  Erth           30%          2%          5
 Animate Skeleton         Necr           46%          3%          1
 Beastly Appendage        Tmut           46%          3%          1
 Freeze                   Ice            92%          3%          1
 Pain                     Necr           92%          3%          1
 Summon Small Mammal      Summ           92%          3%          1
 Corpse Rot               Necr/Air       N/A          3%          2
 Conjure Flame            Conj/Fire      36%          3%          3
 Gell's Gravitas          Tloc           18%          3%          3
 Lesser Beckoning         Tloc           18%          3%          3
 Call Imp                 Summ           23%          5%          2
 Sublimation of Blood     Necr           11%          5%          2
 Wereblood                Tmut           23%          5%          2
 Iskenderun's Mystic Bla  Conj/Tloc      43%          5%          4
 Petrify                  Tmut/Erth      44%          5%          4
 Metabolic Englaciation   Hex/Ice        26%          7%          5
 Yara's Violent Unravell  Hex/Tmut       26%          7%          5
 Iskenderun's Battlesphe  Conj           50%          9%          5
 Call Canine Familiar     Summ           23%          11%         3
 Frozen Ramparts          Ice            46%          11%         3
 Ozocubu's Armour         Ice            23%          11%         3
 Vampiric Draining        Necr           11%          11%         3
 Airstrike                Air            18%          11%         4
 Hailstorm                Conj/Ice       36%          11%         4
 Bolt of Magma            Conj/Fire/Erth 23%          13%         5
 Borgnjor's Vile Clutch   Necr/Erth      22%          16%         5
 Lightning Bolt           Conj/Air       21%          16%         5
 Summon Lightning Spire   Summ/Air       29%          19%         4
 Alistair's Intoxication  Tmut/Pois      27%          19%         5
 Irradiate                Conj/Tmut      18%          28%         5
 Animate Dead             Necr           11%          34%         4
 Dispel Undead            Necr           23%          34%         4
 Ice Form                 Ice/Tmut       23%          34%         4
 Summon Ice Beast         Ice/Summ       23%          34%         4
 Agony                    Necr           23%          69%         5
 Blade Hands              Tmut           11%          69%         5
 Excruciating Wounds      Necr           11%          69%         5
 Orb of Destruction       Conj           25%          95%         7
 Death Channel            Necr           11%          99%         6
 Simulacrum               Ice/Necr       11%          99%         6
 Malign Gateway           Summ/Tloc      15%          100%        7
 Spellforged Servitor     Conj/Summ      18%          100%        7
 Summon Hydra             Summ           11%          100%        7
 Summon Horrible Things   Summ           11%          100%        8


Dungeon Overview and Level Annotations

Branches:
Dungeon (15/15)            Temple (1/1) D:7            Lair (6/6) D:9
 Shoals (0/4) Lair:2        Snake (0/4) Lair:2        Slime (0/5) Lair:5
    Orc (0/2) D:12         Vaults (0/5) D:13         Depths (0/5) D:15
  Sewer (visited)

Altars:
Ashenzari
Cheibriados
Dithmenos
Elyvilon
Fedhas
Gozag
Hepliaklqana
Kikubaaqudgha
Makhleb
Nemelex Xobeh
Okawaru
Qazlal
Ru
Sif Muna
Trog
Uskayaw
Vehumet
Wu Jian
Xom
Yredelemnul
Zin
The Shining One

Shops:
D:13 :

Portals:
Trove: D:11 (give 17 potions of curing)

Annotations:
D:10 2 transporters, IdlyInterested's ghost, journeyman DsMo
D:14 1 runed translucent door, D12ThenQuit's ghost, journeyman OpDe
Lair:5 exclusion: 2 oklob plants


Innate Abilities, Weirdness & Mutations

You are very small and have problems with some larger weapons.
You are too small for most types of armour.
You have supernaturally acute eyesight. (SInv)
You cover ground extremely quickly.


Message History

Okay, then.
You hear a shout!
You hear a howl!
You hear a shout!
An orc priest comes into view.
The orc priest shouts!
The orc knight shouts!
Casting: Stone Arrow (safe; 1% risk of failure)
Confirm with . or Enter, or press ? or * to list all spells.
Aiming: Stone Arrow (safe; 1% risk of failure)
Press: ? - help, Shift-Dir - straight line, f - yaktaur
Aim: a yaktaur, wielding a +0 arbalest and quivering bolts (5% to evade)
The stone arrow hits the yaktaur!!
The yaktaur is heavily wounded.
The bullfrog croaks.
You hear a howl!
The yaktaur shoots a bolt.
The bolt hits you but does no damage.
You hear a shout!
A centaur warrior comes into view.
Casting: Stone Arrow (safe; 1% risk of failure)
Confirm with . or Enter, or press ? or * to list all spells.
Okay, then.
Casting: Stone Arrow (safe; 1% risk of failure)
Confirm with . or Enter, or press ? or * to list all spells.
You begin to radiate toxic energy.
The centaur warrior is poisoned.
The yaktaur is poisoned.
You block the bullfrog's attack.
You completely miss the bullfrog.
The bullfrog is poisoned.
Casting: Olgreb's Toxic Radiance (dangerous; 1% risk of failure)
Confirm with . or Enter, or press ? or * to list all spells.
Your toxic radiance grows in intensity.
The orc knight is poisoned.
The yaktaur looks even sicker.
The orc knight looks even sicker.
The yaktaur looks even sicker.
The bullfrog closely misses you. The bullfrog completely misses you.
Casting: Olgreb's Toxic Radiance (dangerous; 1% risk of failure)
Confirm with . or Enter, or press ? or * to list all spells.
You ignite the poison in your surroundings!
The bullfrog seems to burn from within!!
You kill the bullfrog!
The yaktaur seems to burn from within!!!
You kill the yaktaur!
The centaur warrior seems to burn from within!
The centaur warrior is moderately wounded.
The orc knight seems to burn from within!!
The orc knight is heavily wounded.
The centaur warrior is poisoned.
The orc knight is poisoned.
The orc wizard is poisoned.
The yaktaur is poisoned.
The centaur warrior wields a +0 shortbow.
The centaur warrior shoots an arrow.
The arrow hits you!
Casting: Ignite Poison (dangerous; 3% risk of failure)
Confirm with . or Enter, or press ? or * to list all spells.
You ignite the poison in your surroundings!
The centaur warrior seems to burn from within!
The centaur warrior is heavily wounded.
The orc wizard seems to burn from within!!
You kill the orc wizard!
The orc knight seems to burn from within!
The orc knight is severely wounded.
The yaktaur seems to burn from within!
The yaktaur is heavily wounded.
The centaur warrior is poisoned.
The orc knight is poisoned.
The yaktaur is poisoned.
Your toxic aura wanes.
The centaur warrior shoots an arrow.
The arrow hits you but does no damage.
Casting: Ignite Poison (dangerous; 3% risk of failure)
Confirm with . or Enter, or press ? or * to list all spells.
You ignite the poison in your surroundings!
The centaur warrior seems to burn from within!
The centaur warrior is heavily wounded.
The orc knight seems to burn from within!!
The orc knight is almost dead.
The yaktaur seems to burn from within!
The yaktaur is severely wounded.
The centaur warrior shoots an arrow.
The arrow hits you!
Casting: Ignite Poison (dangerous; 3% risk of failure)
Confirm with . or Enter, or press ? or * to list all spells.
You begin to radiate toxic energy.
The centaur warrior is poisoned.
The orc knight is poisoned.
The orc priest is poisoned.
The yaktaur is poisoned. x2; The orc knight looks even sicker.
The yaktaur looks even sicker.
You kill the orc knight!
The centaur warrior shoots an arrow.
The arrow barely misses you.
The yaktaur wields a +0 arbalest.
The yaktaur shoots a bolt.
The bolt hits you!!
* * * LOW HITPOINT WARNING * * *
The orc priest invokes the aid of Beogh against you.
Beogh smites you!
* * * LOW HITPOINT WARNING * * *
You hear a shout!
Casting: Olgreb's Toxic Radiance (dangerous; 1% risk of failure)
Confirm with . or Enter, or press ? or * to list all spells.
You ignite the poison in your surroundings!
The centaur warrior seems to burn from within!
The centaur warrior is almost dead.
The yaktaur seems to burn from within!
You kill the yaktaur!
The yaktaur seems to burn from within!!!
You kill the yaktaur!
You see here a book of Ice.
Sif Muna grants you a gift!
The orc priest seems to burn from within!!
You kill the orc priest!
The centaur warrior is poisoned.
The centaur warrior shoots an arrow.
The arrow hits you!
You die...

,,***,***,*.......##.#.......#
* ***
*,,,,,,,.......#.##....#$# * *
********,......#.##.c....## *
*,*.......##oc..#..#**
#,*#.,..)..........#*,
#.##.##.)).Co.[..).#*,
#.#...#c###..###..##*,
#...#...# #..#(#o...,,
**#.)@#.#*#..###@.###,
##.##.F.....o...# *,
#)######.,.....# *, #[#
##...^.## ** #.######*,,,,,*
#).....#*,,,,,*
#.####.#*,,,,,*
#.####.#*,,,,,*
#...##.#******* **


You could see a centaur warrior (poisoned).

Vanquished Creatures
  Louise (D:15)
  Nessos (Lair:4)
  A dire elephant (Lair:6)
  Snorg (D:11)
  An ettin (D:15)
  A vault guard (D:13)
  A rakshasa (D:14)
  7 hydras
  2 boulder beetles
  5 centaur warriors
  4 catoblepae
  2 tengu warriors
  2 two-headed ogres
  Erica (D:11)
  A queen ant (Lair:3)
  Urug (Lair:3)
  2 hell knights
  A deep elf knight (D:15)
  Sonja (D:11)
  Nergalle (Lair:2)
  A glowing orange brain (shapeshifter) (D:15)
  4 unseen horrors
  A deep elf archer (D:15)
  A deep troll (D:14)
  A wizard (D:11)
  A deep elf pyromancer (D:11)
  17 ugly things
  An orc knight (D:15)
  2 lindwurms
  2 necromancers (D:13)
  5 manticores
  4 cyclopes
  10 elephants
  4 centaur zombies
  4 merfolk sirens (Lair:2)
  4 black mambas
  2 torpor snails (Lair:6)
  A gargoyle (D:15)
  13 cane toads
  7 rime drakes
  2 kobold demonologists (D:14)
  5 komodo dragons
  6 yaktaurs
  2 efreet
  A tengu conjurer (D:15)
  A redback zombie (D:14)
  3 meliai (Lair:5)
  2 hornets (D:13)
  A queen bee (Lair:5)
  7 trolls
  12 polar bears
  3 raiju (Lair:6)
  7 dream sheep (Lair:4)
  5 slime creatures (D:11)
  11 blink frogs
  A meliai zombie (D:12)
  A shadow (D:14)
  53 yaks
  2 wraiths
  4 wyverns
  4 basilisks
  21 humans (D:13)
  A steam dragon (Lair:5)
  6 wargs
  10 soldier ants
  An acid dragon (D:12)
  12 hell hounds
  16 water moccasins
  A hornet zombie (D:7)
  4 ice beasts
  2 orc warriors
  14 black bears
  6 sky beasts
  A necrophage (D:11)
  2 ogres (D:13)
  4 eyes of draining
  13 wolves (Lair:6)
  6 centaurs
  5 phantoms
  A kobold brigand (D:10)
  19 bullfrogs
  A water moccasin zombie (D:7)
  2 wyvern skeletons
  A water moccasin skeleton (D:4)
  32 killer bees
  3 scorpions
  6 wights
  An electric eel (D:11)
  2 bullfrog zombies
  8 howler monkeys
  A quasit (D:10)
  11 hounds
  8 orc priests
  2 bullfrog skeletons
  7 jellies
  6 centaur skeletons
  Jessica (D:2)
  Natasha (thrice) (D:2)
  14 orc wizards
  6 iguanas
  2 hell rats (Lair:5)
  33 worker ants
  3 hound zombies
  A worker ant zombie (D:11)
  A howler monkey skeleton (D:4)
  17 adders
  A river rat (D:6)
  2 shadow imps
  2 adder zombies
  An adder skeleton (D:8)
  3 worms
  2 dart slugs (D:1)
  10 leopard geckos
  42 orcs
  10 bats
  5 giant cockroaches
  6 goblins
  5 hobgoblins
  9 jackals
  7 quokkas
  5 ball pythons (Sewer)
  14 frilled lizards
  15 kobolds
  A leopard gecko skeleton (D:5)
  5 rats
  A butterfly (Lair:5)
718 creatures vanquished.

Vanquished Creatures (collateral kills)
  5 two-headed ogres
  4 nagas (Lair:2)
  2 orc warriors
  7 ogres
  A phantom (D:11)
  7 wights
  3 orc wizards
  6 orcs
35 creatures vanquished.

Vanquished Creatures (others)
  Maurice (D:8)
  A dancing weapon (D:4)
  An ufetubus (D:5)
  A kobold (D:10)
  39 fungi
  92 plants
135 creatures vanquished.

Grand Total: 888 creatures vanquished

Notes
Turn   | Place    | Note
-------+----------+-------------------------------------------
     0 | D:1      | rednaxela the Spriggan Enchanter began the quest for the
                  | Orb.
     0 | D:1      | Reached XP level 1. HP: 9/9 MP: 5/5
   370 | D:1      | Reached skill level 3 in Spellcasting
   631 | D:1      | Reached skill level 4 in Hexes
   631 | D:1      | Reached XP level 2. HP: 12/13 MP: 5/7
   634 | D:1      | Learned a level 2 spell: Ensorcelled Hibernation
  1575 | D:1      | Reached XP level 3. HP: 16/16 MP: 5/9
  2460 | D:2      | Reached skill level 4 in Spellcasting
  2480 | D:2      | Noticed Natasha
  2487 | D:2      | Killed Natasha
  2488 | D:2      | Reached skill level 5 in Hexes
  2488 | D:2      | Reached XP level 4. HP: 21/21 MP: 8/11
  2595 | D:2      | Learned a level 3 spell: Confusing Touch
  2599 | D:2      | Learned a level 3 spell: Tukima's Dance
  2632 | D:2      | Noticed Jessica
  2641 | D:2      | Killed Jessica
  2714 | D:2      | Noticed Natasha
  2721 | D:2      | Killed Natasha
  2722 | D:2      | Reached XP level 5. HP: 24/24 MP: 10/13
  2752 | D:2      | Noticed Natasha
  2761 | D:2      | Killed Natasha
  2762 | D:2      | Reached skill level 5 in Spellcasting
  3820 | D:3      | Reached skill level 6 in Hexes
  4475 | D:3      | Reached XP level 6. HP: 23/28 MP: 8/15
  4972 | D:3      | Reached skill level 6 in Spellcasting
  5375 | D:4      | Reached skill level 15 in Spellcasting
  5375 | D:4      | Reached XP level 7. HP: 32/32 MP: 16/26
  5455 | D:5      | Entered Level 5 of the Dungeon
  5990 | D:4      | Reached skill level 7 in Hexes
  6485 | D:4      | Learned a level 1 spell: Apportation
  6899 | D:5      | Reached XP level 8. HP: 36/36 MP: 25/28
  6937 | D:5      | Identified a warped gossamer ring
  7086 | D:5      | Reached skill level 8 in Hexes
  7208 | D:5      | Reached skill level 3 in Dodging
  7551 | D:5      | Reached skill level 4 in Dodging
  8044 | D:6      | Reached skill level 5 in Dodging
  8134 | D:6      | Found a glowing drain.
  8146 | Sewer    | Entered a sewer
  9080 | D:6      | Reached skill level 6 in Dodging
  9104 | D:6      | Reached XP level 9. HP: 38/39 MP: 5/29
  9985 | D:7      | Reached skill level 7 in Dodging
 10433 | D:7      | Reached skill level 8 in Dodging
 10433 | D:7      | Found a staircase to the Ecumenical Temple.
 10441 | Temple   | Entered the Ecumenical Temple
 10720 | Temple   | Became a worshipper of Sif Muna the Loreminder
 11235 | D:7      | Reached skill level 9 in Dodging
 11795 | D:8      | Found a sacrificial altar of Ru.
 12171 | D:8      | Noticed Maurice
 12220 | D:8      | Killed Maurice
 12221 | D:8      | Reached skill level 10 in Dodging
 12221 | D:8      | Reached skill level 2 in Translocations
 12657 | D:9      | Reached * piety under Sif Muna
 12699 | D:9      | Reached XP level 10. HP: 44/44 MP: 22/30
 13085 | D:9      | Reached skill level 9 in Hexes
 13359 | D:9      | Found a staircase to the Lair.
 13741 | D:10     | Entered Level 10 of the Dungeon
 13753 | D:10     | Noticed a skeletal warrior
 13755 | D:10     | Found a transporter.
 13755 | D:10     | Noticed IdlyInterested's ghost (journeyman DsMo)
 13930 | D:10     | Found a transporter.
 14202 | D:10     | Noticed a two-headed ogre
 14220 | D:10     | Killed a two-headed ogre
 14221 | D:10     | Reached skill level 10 in Hexes
 14530 | D:10     | Found Wenterog's Distillery.
 14737 | D:11     | Noticed a two-headed ogre
 14758 | D:11     | Killed a two-headed ogre
 15023 | D:11     | Noticed Erica
 15043 | D:11     | Killed Erica
 15044 | D:11     | Reached skill level 11 in Hexes
 15050 | D:11     | Noticed Sonja
 15087 | D:11     | Killed Sonja
 15282 | D:11     | Reached ** piety under Sif Muna
 15286 | D:11     | Noticed a cyan ugly thing
 15414 | D:11     | Killed a cyan ugly thing
 15415 | D:11     | Reached skill level 12 in Hexes
 15415 | D:11     | Reached XP level 11. HP: 31/47 MP: 27/31
 15474 | D:11     | Noticed a four-headed hydra
 15597 | D:11     | Noticed a two-headed ogre
 15602 | D:11     | Killed a two-headed ogre
 15699 | D:11     | Killed a four-headed hydra
 15772 | Lair:1   | Entered Level 1 of the Lair of Beasts
 15858 | Lair:1   | Found a dark tunnel.
 16006 | Lair:1   | Reached skill level 13 in Hexes
 16123 | Lair:1   | Reached skill level 2 in Short Blades
 16123 | Lair:1   | Reached skill level 5 in Stealth
 16357 | Lair:1   | Reached skill level 3 in Short Blades
 16357 | Lair:1   | Reached skill level 6 in Stealth
 17057 | Lair:2   | Reached skill level 7 in Stealth
 17064 | Lair:2   | Reached skill level 4 in Short Blades
 17087 | Lair:2   | Found a staircase to the Shoals.
 17132 | Lair:2   | Noticed a four-headed hydra
 17342 | Lair:2   | Killed a four-headed hydra
 17343 | Lair:2   | Reached skill level 8 in Stealth
 17657 | Lair:2   | Reached skill level 9 in Stealth
 17657 | Lair:2   | Reached skill level 3 in Translocations
 17675 | Lair:1   | Learned a level 2 spell: Poisonous Vapours
 17680 | Lair:1   | Learned a level 4 spell: Olgreb's Toxic Radiance
 17684 | Lair:1   | Learned a level 3 spell: Ignite Poison
 17700 | Lair:2   | Noticed Nergalle
 17702 | Lair:2   | Noticed a spectral orc warlord
 17705 | Lair:2   | Killed Nergalle
 17706 | Lair:2   | Reached skill level 1 in Air Magic
 17706 | Lair:2   | Reached skill level 1 in Poison Magic
 17883 | Lair:1   | Reached skill level 2 in Poison Magic
 17942 | Lair:1   | Reached skill level 2 in Air Magic
 18281 | Lair:2   | Reached skill level 3 in Poison Magic
 18285 | Lair:2   | Reached skill level 3 in Air Magic
 18285 | Lair:2   | Reached skill level 4 in Poison Magic
 18285 | Lair:2   | Reached XP level 12. HP: 38/51 MP: 6/32
 18790 | Lair:2   | Noticed a six-headed hydra
 18818 | Lair:2   | Killed a six-headed hydra
 18819 | Lair:2   | Reached skill level 5 in Poison Magic
 19051 | Lair:2   | Found a staircase to the Snake Pit.
 19094 | Lair:2   | Learned a level 3 spell: Mephitic Cloud
 19136 | Lair:3   | Noticed Urug
 19143 | Lair:3   | Killed Urug
 19144 | Lair:3   | Reached skill level 6 in Poison Magic
 19215 | Lair:3   | You fall into a shaft and drop 3 floors!
 19215 | Lair:6   | Entered Level 6 of the Lair of Beasts
 19266 | Lair:6   | Noticed a catoblepas
 19293 | Lair:5   | Reached skill level 7 in Poison Magic
 19827 | Lair:4   | Noticed Nessos
 19835 | Lair:4   | Killed Nessos
 19836 | Lair:4   | Reached skill level 8 in Poison Magic
 20015 | Lair:3   | You fall into a shaft and drop 2 floors!
 20118 | Lair:4   | Reached skill level 1 in Fighting
 20250 | Lair:3   | Noticed a catoblepas
 20318 | Lair:3   | Reached skill level 2 in Invocations
 20401 | Lair:3   | Killed a catoblepas
 20402 | Lair:3   | Reached skill level 3 in Invocations
 20671 | Lair:3   | Noticed a queen ant
 20675 | Lair:3   | Reached *** piety under Sif Muna
 20681 | Lair:3   | Reached skill level 4 in Invocations
 20691 | Lair:3   | Killed a queen ant
 20745 | Lair:3   | Reached skill level 5 in Invocations
 20925 | Lair:3   | Noticed an eight-headed hydra
 20953 | Lair:3   | HP: 2/53 [eight-headed hydra (12)]
 21400 | Lair:3   | Killed an eight-headed hydra
 21485 | Lair:4   | Reached skill level 6 in Invocations
 21636 | Lair:4   | Reached skill level 7 in Invocations
 21884 | Lair:5   | Reached **** piety under Sif Muna
 21885 | Lair:5   | Reached XP level 13. HP: 56/56 MP: 25/33
 22132 | Lair:5   | Reached skill level 8 in Invocations
 22537 | Lair:5   | Reached skill level 9 in Invocations
 22799 | Lair:5   | Reached ***** piety under Sif Muna
 23256 | Lair:5   | Reached skill level 16 in Spellcasting
 23390 | Lair:5   | Identified the +1 flail of Death's Door {antimagic, SInv}
 23843 | Lair:5   | Received a gift from Sif Muna
 24246 | Lair:5   | Found a staircase to the Slime Pits.
 24631 | Lair:6   | Reached skill level 17 in Spellcasting
 25460 | Lair:6   | Noticed a dire elephant
 25501 | Lair:6   | Killed a dire elephant
 25606 | Lair:6   | Reached skill level 18 in Spellcasting
 25606 | Lair:6   | Reached XP level 14. HP: 61/61 MP: 28/37
 26143 | Lair:6   | Learned a level 6 spell: Invisibility
 26708 | Lair:6   | Reached skill level 19 in Spellcasting
 27042 | Lair:6   | Received a gift from Sif Muna
 28095 | D:11     | Found a portal to a secret trove of treasure.
 28727 | D:11     | Reached skill level 20 in Spellcasting
 28871 | D:11     | Reached skill level 1 in Conjurations
 28982 | D:11     | Noticed Snorg
 28992 | D:11     | Reached skill level 2 in Conjurations
 29206 | D:11     | Killed Snorg
 29312 | D:11     | Identified the +4 war axe of Exchange {flame, *Rage *Noise
                  | rElec rPois}
 29541 | D:11     | Reached skill level 3 in Conjurations
 29596 | D:11     | Identified Waxkiun's Incunabulum of Orientation and Stones
 29832 | D:11     | Learned a level 2 spell: Blink
 29872 | D:11     | Identified Sif Muna's Reference Book on Transmutation and
                  | Summoning (Sif Muna gifted it to you on level 11 of the
                  | Dungeon)
 29872 | D:11     | Received a gift from Sif Muna
 30203 | D:11     | Reached skill level 4 in Conjurations
 30593 | D:12     | Learned a level 1 spell: Sandblast
 30597 | D:12     | Learned a level 3 spell: Stone Arrow
 30727 | D:12     | Reached skill level 1 in Earth Magic
 31224 | D:12     | Found a staircase to the Orcish Mines.
 31527 | D:13     | Found Tuuzy's Book Boutique.
 31813 | D:13     | Identified 3 scrolls of acquirement
 31820 | D:13     | Acquired the ring of Omeociag {rPois rC+ Dex+6}
 31822 | D:13     | Acquired the ring "Samoh" {rF+ MP+9 Dex+5}
 31824 | D:13     | Acquired 446 gold pieces
 31871 | D:13     | Reached skill level 2 in Earth Magic
 31920 | D:13     | Reached XP level 15. HP: 57/65 MP: 26/40
 32160 | D:13     | Reached skill level 5 in Conjurations
 32203 | D:13     | Reached skill level 3 in Earth Magic
 32260 | D:13     | Found a gate to the Vaults.
 32556 | D:13     | Identified Sif Muna's Incunabulum of Ashen Battle Magic
                  | (Sif Muna gifted it to you on level 13 of the Dungeon)
 32556 | D:13     | Received a gift from Sif Muna
 32561 | D:13     | Reached skill level 4 in Earth Magic
 32807 | D:13     | Found a hide-covered altar of Uskayaw.
 33182 | D:14     | Reached skill level 6 in Conjurations
 33314 | D:14     | Reached skill level 5 in Earth Magic
 33679 | D:14     | Reached skill level 6 in Earth Magic
 33851 | D:14     | Reached skill level 7 in Earth Magic
 34100 | D:14     | You fall into a shaft and drop 1 floor!
 34100 | D:15     | Entered Level 15 of the Dungeon
 34101 | D:15     | Noticed Louise
 34200 | D:14     | Found a runed translucent door.
 34200 | D:14     | Noticed D12ThenQuit's ghost (journeyman OpDe)
 34229 | D:14     | Reached skill level 8 in Earth Magic
 34928 | D:15     | Killed Louise
 34970 | D:15     | Reached skill level 9 in Earth Magic
 35025 | D:15     | Received a gift from Sif Muna
 35025 | D:15     | Shot with an arrow by a centaur warrior

Illustrated notes

Levels and vault maps discovered:
D:1:      lightli_arrival_farm, layout_basic
D:2:      layout_rooms, minmay_pentomino_pile, uniq_jessica, uniq_natasha
D:3:      layout_loops_ring, chequers_serial_rivers_marsh, eino_tiny_chamber
D:4:      layout_gridville
D:5:      minmay_chambers_of_threes, layout_rooms
D:6:      layout_basic, portal_sewer_entry_a
D:7:      minmay_spotlight, layout_loops_ring, minmay_temple_entry_slanted
D:8:      layout_loops_corners, kennysheep_little_box, uniq_maurice
D:9:      layout_cave_pools, dpeg_oklobed_lair
D:10:     layout_loops_ring, gammafunk_ghost_mausoleum, serial_shops,
          nicolae_shop_crystal
D:11:     minmay_the_grid_octo_tiled_squarecenter [minmay_the_grid_octo_focus,
          minmay_the_grid_octo_chip, minmay_the_grid_octo_empty,
          minmay_the_grid_octo_fan_narrow,
          minmay_the_grid_square_5x5_megaprize_crossed,
          minmay_the_grid_square_5x5_dogpile,
          minmay_the_grid_square_5x5_n_small,
          minmay_the_grid_square_5x5_inner_i,
          minmay_the_grid_square_5x5_broken_cross], layout_loops_ring,
          nicolae_trove_entry_crossroad, serial_bayou_lake_a, uniq_sonja,
          uniq_erica, uniq_snorg
D:12:     nooodl_glass_maze, layout_cave_pools, orc_0_dummy, enter_bailey_2
D:13:     layout_roguey, grunt_vaults_entry_tiered, basic_altar, serial_shops,
          kennysheep_mini_moat
D:14:     layout_rooms, hellmonk_ghost_happy_afterlife, minmay_holes
D:15:     hangedman_depths_entry_civil_slaughter, layout_loops_cross,
          serial_shops, nicolae_shop_statue_plus,
          portal_ice_cave_entry_animals_and_master, sword_in_stone
Temple:   nicolae_temple_the_god_donut
Lair:1:   layout_cave_pods, nicolae_volcano_entry_lava_flow
Lair:2:   layout_gridlike, elwin_shoals_entry_stream,
          minmay_snake_entry_guardpost_medium, infiniplex_staircase_pool,
          grunt_megastairs_5, uniq_nergalle
Lair:3:   layout_chaotic_city, zaba_antful_of_joy, uniq_urug
Lair:4:   layout_long_grid, lemuel_fruit_tree, uniq_nessos
Lair:5:   regret_index_wax_grids, layout_long_grid,
          minmay_slime_entry_oklob_enclosed, serial_bayou_shore_b,
          grunt_megastairs_2, infiniplex_staircase_pool_2, lemuel_fruit_fields
Lair:6:   hangedman_lair_caniforms_friends, layout_regular_city,
          hangedman_lair_in_review

Skill      XL: |  1  2  3  4  5  6  7  8  9 10 11 12 13 14 15 |
---------------+----------------------------------------------+-----
Spellcasting   | 3 4 5 15 18 20 | 20.0
Hexes          | 4 5 6 7 8 12 13 | 13.0
Dodging        | 6 10 | 10.0
Translocations | 2 3 |  3.0
Short Blades   | 4 |  4.0
Stealth        | 9 |  9.0
Air Magic      | 3 |  3.0
Poison Magic   | 4 8 |  8.0
Fighting       | 1 |  1.0
Invocations    | 7 9 |  9.0
Conjurations   | 4 6 |  6.0
Earth Magic    | 2 9 |  9.1

Action                   |  1- 3 |  4- 6 |  7- 9 | 10-12 | 13-15 || total
-------------------------+-------+-------+-------+-------+-------++-------
Melee: Dagger            |    75 |    40 |   481 |   241 |   413 ||  1250
       Hand axe          |       |    21 |       |       |       ||    21
       Rapier            |       |       |       |   167 |    36 ||   203
       Staff             |       |       |       |       |    13 ||    13
 Fire: Hunting sling     |    31 |       |       |    12 |       ||    43
Throw: Dart              |       |       |       |     2 |       ||     2
 Cast: Corona            |    18 |       |       |       |       ||    18
       Ensorcelled Hiber |    14 |    47 |   111 |   105 |   111 ||   388
       Confusing Touch   |       |     1 |    45 |    44 |    47 ||   137
       Tukima's Dance    |       |     1 |    18 |    24 |    23 ||    66
       Poisonous Vapours |       |       |       |    55 |   247 ||   302
       Ignite Poison     |       |       |       |    33 |   127 ||   160
       Olgreb's Toxic Ra |       |       |       |    24 |    86 ||   110
       Stone Arrow       |       |       |       |       |    81 ||    81
       Sandblast         |       |       |       |       |    26 ||    26
       Invisibility      |       |       |       |       |     1 ||     1
       Blink             |       |       |       |       |     2 ||     2
Invok: Channel Magic     |       |       |       |       |     1 ||     1
Evoke: Wand              |       |       |       |     8 |       ||     8
  Use: Scroll            |     2 |     5 |     7 |    11 |    12 ||    37
       Potion            |       |     1 |     1 |     1 |     2 ||     5
 Stab: Sleeping          |    15 |    27 |    92 |    57 |    75 ||   266
       Confused          |       |     2 |    48 |    36 |    55 ||   141
       Invisible         |       |       |       |       |     4 ||     4
       Distracted        |       |       |       |       |     1 ||     1
Armor: Robe              |    12 |     5 |    49 |     2 |       ||    68
       Troll leather arm |       |       |       |    73 |   152 ||   225
Dodge: Dodged            |    74 |    50 |   288 |   316 |   458 ||  1186
Block: Other             |       |       |     9 |    79 |   102 ||   190
       Reflection        |       |       |       |     3 |     8 ||    11

Table legend: (Time is in decaauts)
 A = Elapsed time spent in this place.
 B = Non-inter-level travel time spent in this place.
 C = Inter-level travel time spent in this place.
 D = Time resting spent in this place.
 E = Time spent auto-exploring this place.
 F = Levels seen in this place.
 G = Mean time per level.
                   A        B        C        D        E       F      G
               +--------+--------+--------+--------+--------+-----+--------+
         Total |  27854 |  27013 |    841 |   5771 |  14086 |  23 | 1211.0 |
       Dungeon |  17603 |  17071 |    532 |   3831 |   8872 |  15 | 1173.5 |
        Temple |    187 |    165 |     22 |      0 |    159 |   1 |  187.0 |
          Lair |   9576 |   9290 |    286 |   1924 |   4857 |   6 | 1596.0 |
         Sewer |    486 |    486 |      0 |     15 |    197 |   1 |  486.0 |
               +--------+--------+--------+--------+--------+-----+--------+

Top non-repeatable levels by time:
    D:11: 2688 daAuts
  Lair:6: 2639 daAuts
  Lair:5: 2043 daAuts
     D:1: 1803 daAuts
    D:13: 1494 daAuts
     D:2: 1486 daAuts
     D:3: 1302 daAuts
     D:7: 1300 daAuts
  Lair:1: 1248 daAuts
  Lair:2: 1245 daAuts
  Lair:4: 1214 daAuts
    D:14: 1211 daAuts
  Lair:3: 1185 daAuts
     D:4: 1079 daAuts
     D:8: 1024 daAuts
